 Dungeon Crawl Stone Soup version 0.19-a0-1127-gac58878 (webtiles) character file.

193 torvon the Conjurer (level 5, -1/42 HPs)
             Began as a Draconian Conjurer on Aug 12, 2016.
             Slain by a worker ant (3 damage)
             ... on level 4 of the Dungeon.
             The game lasted 00:23:58 (4620 turns).

torvon the Conjurer (Draconian Conjurer)            Turns: 4620, Time: 00:23:59

Health: -1/42      AC:  6    Str: 10    XL:     5   Next: 44%
Magic:  1/8        EV: 18    Int: 16    God:
Gold:   243        SH:  0    Dex: 17    Spells: 3 memorised, 1 level left

rFire  . . .     SeeInvis .     u - +0 spear
rCold  . . .     Gourm    .     (armour unavailable)
rNeg   . . .     Faith    .     (no shield)
rPois  .         Spirit   .     (helmet restricted)
rElec  .         Dismiss  .     (no cloak)
rCorr  .         Reflect  .     c - +0 pair of gloves
SustAt .         Harm     .     (no boots)
MR     .....                    (no amulet)
Stlth  +++.......               (no ring)
                                (no ring)

@: agile, lethally poisoned (-1 -> -18), very slightly contaminated
A: unfitting armour, cold-blooded, AC +5
a: no special abilities


You were on level 4 of the Dungeon.
You were not hungry.

You visited 1 branch of the dungeon, and saw 4 of its levels.

You collected 243 gold pieces.

Inventory:

Hand Weapons
 j - a +0 dagger
 m - a +0 hand axe
 u - a +0 spear (weapon)
 y - a +0 war axe
 A - a +2 short sword of electrocution
Missiles
 g - 7 poisoned needles
 k - 6 needles of confusion
Armour
 c - a +0 pair of gloves (worn)
 z - a +2 ring mail of fire resistance
Wands
 r - a wand of flame (39/48)
Scrolls
 b - 4 scrolls of remove curse
 d - 2 scrolls of recharging {unknown}
 e - 2 scrolls of magic mapping
 h - 2 scrolls of identify {unknown}
 i - a scroll of immolation {unknown}
 o - 2 scrolls of enchant weapon {unknown}
 s - a scroll of fog {unknown}
 w - a scroll of amnesia {unknown}
Potions
 f - 2 potions of brilliance {unknown}
 l - 2 potions of mutation {unknown}
 n - 2 potions of curing {unknown}
 p - 2 potions of agility
 v - a potion of invisibility {unknown}
 x - a potion of might {unknown}
Books
 a - a book of Conjurations

   Spells                             Type                      Level
   a - Magic Dart                     Conjuration                  1
   b - Searing Ray                    Conjuration                  2
   c - Dazzling Spray                 Conjuration/Hexes            3
   d - Fulminant Prism                Conjuration/Hexes            4
   e - Iskenderun's Mystic Blast      Conjuration                  4
   f - Iskenderun's Battlesphere      Conjuration/Charms           5
Comestibles
 q - a meat ration
 t - 2 bread rations


   Skills:
 - Level 2.4 Fighting
 - Level 2.6 Dodging
 - Level 1.7 Stealth
 - Level 2.5 Spellcasting
 * Level 5.5 Conjurations


You had one spell level left.
You knew the following spells:

 Your Spells              Type           Power        Failure   Level  Hunger
a - Magic Dart            Conj           ###.         1%          1    #......
b - Dazzling Spray        Conj/Hex       ##....       21%         3    ###....
c - Iskenderun's Mystic   Conj           ###.....     21%         4    #####..


Dungeon Overview and Level Annotations

Branches:
Dungeon (4/15)
 Temple: D:4-7

Altars:
Trog

Annotations:
D:4 Aquadorian's ghost, amateur OpEn


Innate Abilities, Weirdness & Mutations

Your plain brown scales are hard. (AC +5)
Your body does not fit into most forms of armour.
You are cold-blooded and may be slowed by cold attacks.


Message History

You feel sick. The worker ant bites you.
* * * LOW HITPOINT WARNING * * *
The worker ant bites you!
* * * LOW HITPOINT WARNING * * *
You are more poisoned.
The worker ant poisons you!
Describe a (M)onster, (S)pell, s(K)ill, (A)bility, (C)ard, (I)tem, (F)eature, (G)od, (B)ranch, c(L)oud or s(T)atus?
Describe a monster; partial names and regexps are fine.
Enter a single letter to list monsters displayed by that symbol.
Describe what?
Describe a (M)onster, (S)pell, s(K)ill, (A)bility, (C)ard, (I)tem, (F)eature, (G)od, (B)ranch, c(L)oud or s(T)atus?
Describe a item; partial names and regexps are fine.
Enter a single letter to list items displayed by that symbol.
Describe what?
Okay, then.
Describe a (M)onster, (S)pell, s(K)ill, (A)bility, (C)ard, (I)tem, (F)eature, (G)od, (B)ranch, c(L)oud or s(T)atus?
Okay, then.
It was a potion of agility.
You feel agile all of a sudden.
* * * LOW HITPOINT WARNING * * *
You feel sick. The worker ant bites you.
You die...

...##..#....# .# #####.
...##..#....# ..# #.....
...'...#....####### ...#
#.....
...#...#....#.....##...#
#.....
...#...#....#..........#
#.....
...##..#....#..........#
#.....
...##..#....#..........#
#.....
...#####....#.##a.##...#
#.....
...#.....#######@.##...#
#.....
####.....#.............#
#.....
.........#.............#
#.....
.........#....##.......#
#.....
.........#######..##...#
#.....
.........'....##..##...#
#.....
####.....#.............#
#.....
...#.....#.............#
#.....
...#.....#....##..##...#
#.....


You could see a worker ant.

Vanquished Creatures
  A centaur skeleton (D:4)
  An iguana (D:4)
  2 worker ants
  An adder (D:3)
  2 oozes
  2 worms (D:3)
  2 dart slugs
  2 giant geckos
  2 orcs (D:3)
  3 ball pythons
  5 bats
  2 giant cockroaches (D:1)
  6 goblins
  4 hobgoblins
  6 jackals (D:4)
  2 quokkas
  4 giant newts
  8 kobolds
  8 rats
63 creatures vanquished.

Notes
Turn   | Place    | Note
-------+----------+-------------------------------------------
     0 | D:1      | torvon the Draconian Conjurer began the quest for the Orb.
     0 | D:1      | Reached XP level 1. HP: 14/14 MP: 3/3
   325 | D:1      | Reached XP level 2. HP: 22/22 MP: 1/5
  1083 | D:1      | Reached skill level 1 in Fighting
  1413 | D:2      | Found a bloodstained altar of Trog.
  1423 | D:2      | Reached XP level 3. HP: 24/28 MP: 2/6
  2411 | D:3      | Learned a level 3 spell: Dazzling Spray
  2754 | D:3      | Reached XP level 4. HP: 27/36 MP: 2/7
  3145 | D:4      | Reached skill level 5 in Conjurations
  3314 | D:4      | Noticed an ogre
  3617 | D:4      | Reached XP level 5. HP: 24/42 MP: 0/8
  3793 | D:4      | Learned a level 4 spell: Iskenderun's Mystic Blast
  3935 | D:4      | Noticed Aquadorian's ghost (amateur OpEn)
  4620 | D:4      | HP: 2/42 [poisoned by a worker ant]
  4620 | D:4      | Slain by a worker ant

Vault maps used:
D:1:      minmay_arrival_three_doors
D:2:      bloody_trog

Skill      XL: |  1  2  3  4 |
---------------+-------------+-----
Fighting       | 1 2 |  2.4
Dodging        | 2 |  2.6
Conjurations   | 5 |  5.5
Stealth        | |  1.7
Spellcasting   | |  2.5

Action                   |  1- 3 |  4- 6 || total
-------------------------+-------+-------++-------
Melee: Unarmed           |     5 |       ||     5
       Hand axe          |    30 |    13 ||    43
       Dagger            |    11 |       ||    11
       Tailslap          |     4 |     7 ||    11
       Spear             |       |    45 ||    45
 Cast: Magic Dart        |    87 |    48 ||   135
       Dazzling Spray    |       |     1 ||     1
       Iskenderun's Myst |       |     1 ||     1
Evoke: Wand              |       |     1 ||     1
  Use: Scroll            |     2 |       ||     2
       Potion            |       |     3 ||     3
 Stab: Invisible         |       |     1 ||     1
  Eat: Bread ration      |     1 |       ||     1
       Chunk             |     3 |     5 ||     8
       Beef jerky        |       |     1 ||     1
Armor: Skin              |    34 |    33 ||    67
Dodge: Dodged            |    48 |    73 ||   121
